 Dungeon Crawl Stone Soup version 0.27.1-34-g3ba077fa99 (webtiles) character file.

Game seed: 4168309305580654754

102 cbfl8 the Sneak (level 4, -1/40 HPs)
             Began as a Minotaur Delver on Jan 20, 2022.
             Succumbed to a scorpion's poison
             ... on level 4 of the Dungeon.
             The game lasted 00:03:14 (1231 turns).

cbfl8 the Sneak (Minotaur Delver)                   Turns: 1231, Time: 00:03:15

Health: -1/40      AC: 17    Str: 16    XL:     4   Next: 50%
Magic:  3/3        EV:  5    Int:  8    God:
Gold:   36         SH:  0    Dex: 12    Spells: 3/3 levels left

rFire    . . .     SeeInvis .   q - +2 short sword (protect)
rCold    . . .     Faith    .   (no shield)
rNeg     . . .     Spirit   .   i - +0 plate armour
rPois    .         Reflect  .   (helmet restricted)
rElec    .         Harm     .   (no cloak)
rCorr    .         Rampage  .   (no gloves)
Will     .....                  (no boots)
Stlth    ..........             (no amulet)
HPRegen  0.13/turn              (no ring)
MPRegen  0.08/turn              (no ring)

@: lethally poisoned (-1 -> -8), under a protective aura
A: horns 2, retaliatory headbutt
a: no special abilities


You were on level 4 of the Dungeon.
You visited 1 branch of the dungeon, and saw 2 of its levels.

You collected 36 gold pieces.

Inventory:

Hand Weapons
 a - a +0 hand axe
 k - a +0 hunting sling
 p - a +0 spear
 q - a +2 short sword of protection (weapon)
Missiles
 m - 30 sling bullets
Armour
 b - a +0 leather armour
 i - a +0 plate armour (worn)
Wands
 g - a wand of digging (3)
 l - a wand of polymorph (10)
 n - a wand of iceblast (11)
Scrolls
 c - a scroll of fog
 d - a scroll of magic mapping
 h - a scroll of immolation {unknown}
 j - 2 scrolls of teleportation {unknown}
 o - a scroll of identify {unknown}
Potions
 f - a potion of haste


   Skills:
 + Level 4.2 Fighting
 + Level 3.0 Axes
 + Level 0.7 Armour
 + Level 2.3 Dodging
 + Level 5.2 Stealth


You had 3 spell levels left.
You didn't know any spells.
Your spell library was empty.

Dungeon Overview and Level Annotations

Branches:
Dungeon (5/15)
 Temple: D:4-7

Altars:
Wu Jian
The Shining One


Innate Abilities, Weirdness & Mutations

You have a pair of horns on your head.
You reflexively headbutt those who attack you in melee.


Message History

The scorpion poisons you!
The scorpion stings you but does no damage.
You barely miss the scorpion.
The scorpion is lightly wounded.
You feel very sick. The scorpion barely misses you.
You hit the scorpion.
Your weapon exudes an aura of protection.
The scorpion is heavily wounded.
You feel very sick. The scorpion barely misses you.
You closely miss the scorpion.
The scorpion is heavily wounded.
You feel very sick.
The scorpion stings you but does no damage.
The scorpion stings you.
You are lethally poisoned!
The scorpion poisons you!
You closely miss the scorpion.
The scorpion is heavily wounded.
You feel very sick.
The scorpion stings you but does no damage.
Unknown command.
You hit the scorpion. Your headbutt misses the scorpion.
The scorpion is severely wounded.
* * * LOW HITPOINT WARNING * * *
You feel very sick.
The scorpion stings you but does no damage.
Unknown command.
You hit the scorpion but do no damage.
The scorpion is severely wounded.
* * * LOW HITPOINT WARNING * * *
You feel very sick. The scorpion barely misses you. The scorpion stings you.
* * * LOW HITPOINT WARNING * * *
As you read the scroll of fear, it crumbles to dust.
You assume a fearsome visage.
The scorpion looks frightened!
* * * LOW HITPOINT WARNING * * *
You feel sick.
You die...

......# #.....#
#.....#
#.#.....# #.
#.#.#.#.# #..
#.#s#.# # ..
#.#.# #
#.##.#.# #
#..#.#@#
...##.#.#.#
..........#
...###..###.###
#..>......#
#....#.....
.......# ....
.........# ...
#........# .#


You could see a scorpion (fleeing).

Vanquished Creatures
  A hound (D:5)
  An iguana (D:5)
  A scorpion zombie (D:5)
  2 adders (D:5)
  An orc (D:5)
  A quokka (D:5)
  A kobold (D:4)
8 creatures vanquished.

Notes
Turn   | Place    | Note
-------+----------+-------------------------------------------
     0 | D:5      | cbfl8 the Minotaur Delver began the quest for the Orb.
     0 | D:5      | Reached XP level 1. HP: 19/19 MP: 0/0
    39 | D:5      | Reached XP level 2. HP: 17/27 MP: 1/1
   333 | D:5      | Reached XP level 3. HP: 29/33 MP: 2/2
   347 | D:5      | Found a glowing golden altar of the Shining One.
   357 | D:5      | Reached skill level 5 in Stealth
   362 | D:5      | Reached XP level 4. HP: 9/40 MP: 3/3
   367 | D:5      | HP: 2/40 [poisoned by an adder]
   865 | D:5      | Found an ornate altar of the Wu Jian Council.
  1211 | D:4      | Noticed a scorpion
  1230 | D:4      | HP: 1/40 [poisoned by a scorpion]
  1231 | D:4      | Succumbed to a scorpion's poison

Illustrated notes

Levels and vault maps discovered:
D:4:      layout_basic, tgw_sif, serial_shops, nicolae_shop_behind_doors,
          uniq_duvessa, uniq_eustachio, uniq_crazy_yiuf_cottage
D:5:      layout_gridville, hangedman_feature_mirror

Skill      XL: |  1  2  3  4 |
---------------+-------------+-----
Fighting       | 4 |  4.2
Stealth        | 5 |  5.2
Axes           | 3 |  3.0
Armour         | |  0.7
Dodging        | |  2.3

Action                   |  1- 3 |  4- 6 || total
-------------------------+-------+-------++-------
Melee: Hand axe          |    28 |    26 ||    54
       Headbutt          |     3 |     5 ||     8
       Short sword       |       |    10 ||    10
  Use: Scroll            |       |     1 ||     1
Armor: Plate armour      |    18 |    27 ||    45
Dodge: Dodged            |    23 |     9 ||    32
